 Dungeon Crawl Stone Soup version 0.30-a0-722-g3e6e8c874d (webtiles) character file.

Game seed: 12758847603765583580

943 ASSMAN the Thrower (level 7, -13/90 HPs)
             Began as a Minotaur Gladiator on Jan 28, 2023.
             Was an Initiate of Yredelemnul.
             Mangled by an ogre
             ... wielding a +0 giant club
              (26 damage)
             ... on level 5 of the Dungeon.
             The game lasted 00:09:20 (4146 turns).

ASSMAN the Thrower (Minotaur Gladiator)             Turns: 4146, Time: 00:09:20

Health: -13/90     AC: 11    Str: 19    XL:     7   Next: 88%
Magic:  6/6        EV:  8    Int:  5    God:    Yredelemnul [......]
Gold:   298        SH:  0    Dex: 13    Spells: 6/6 levels left

rFire   . . .      SeeInvis .    a - +1 long sword
rCold   + . .      Faith    .    (no shield)
rNeg    . . .      Spirit   .    t - +1 chain mail {rPois}
rPois   +          Reflect  .    c - +0 hat
rElec   .          Harm     .    n - +0 cloak
rCorr   .          Rampage  .    (no gloves)
Will    .....                    l - +0 pair of boots Stlth
                                 (no amulet)
HPRegen 0.35/turn                j - ring of protection from cold
MPRegen 0.10/turn                (no ring)

@: berserking, studying Throwing, very quick
A: horns 2, retaliatory headbutt
a: Renounce Religion, Recall Undead Harvest


You were on level 5 of the Dungeon.
You worshipped Yredelemnul.
Yredelemnul was noncommittal.
You visited 1 branch of the dungeon, and saw 6 of its levels.

You collected 298 gold pieces.

Inventory:

Hand Weapons
 a - a +1 long sword (weapon)
Armour
 c - a +0 hat (worn)
 d - a +1 chain mail of cold resistance
 l - a +0 pair of boots (worn)
 n - a +0 cloak (worn)
 o - the +3 ring mail "Kaplurghe" {*Slow rF+ rN+ Str+4}
   (You found it on level 2 of the Dungeon)

   Str:       It affects your strength (+4).
   rF:        It protects you from fire.
   rN:        It protects you from negative energy.
   *Slow:     It may slow you when you take damage.
 t - a +1 chain mail of poison resistance (worn)
Jewellery
 j - a ring of protection from cold (left hand)
Wands
 e - a wand of flame (10)
 i - a wand of charming (9)
 s - a wand of digging (3)
 w - a wand of roots (10)
Scrolls
 b - a scroll of poison
 f - a scroll of blinking
 g - 5 scrolls of vulnerability
 h - 4 scrolls of teleportation
Potions
 k - 2 potions of lignification
 q - a potion of flight
 r - 2 potions of curing
 u - a potion of heal wounds {unknown}
 z - a potion of cancellation {unknown}


   Skills:
 - Level 4.7 Fighting
 - Level 5.4 Long Blades
 + Level 9.3 Throwing
 - Level 5.0 Dodging


You had 6 spell levels left.
You didn't know any spells.
Your spell library contained the following spells:

 Spells                   Type           Power      Damage    Failure   Level
 Shock                    Conj/Air       0%         1d3       100%        1
 Sublimation of Blood     Necr           0%         N/A       100%        2
 Wereblood                Tmut           0%         N/A       100%        2
 Stone Arrow              Conj/Erth      0%         3d7       100%        3
 Swiftness                Air            0%         N/A       100%        3
 Airstrike                Air            0%         2d(0-16)  100%        4
 Animate Armour           Summ/Erth      0%         N/A       100%        4
 Summon Hydra             Summ           0%         N/A       100%        7
 Lehudib's Crystal Spear  Conj/Erth      0%         10d2      100%        8


Dungeon Overview and Level Annotations

Branches:
Dungeon (6/15)             Temple (0/1) D:4

Altars:
Okawaru
Ru
Sif Muna
Yredelemnul

Shops:
D:2 =

Annotations:
D:4 2 transporters, relicbr's ghost, amateur OgHW
D:6 Prince Ribbit


Innate Abilities, Weirdness & Mutations

You have a pair of horns on your head.
You reflexively headbutt those who attack you in melee.


Message History

Your Throwing skill increases to level 9!
e - a wand of flame (10)
Things that are here:
a +0 rapier; a +0 leather armour
There is a stone staircase leading down, spattered with blood here.
You start resting.
HP restored.
You climb downwards.
Your mindless puppet stays behind to rot.
You hear the sound of rushing water.
There is an entrance to a sewer on this level.
Hurry and find it before the portal rusts away!
Level annotation: Prince Ribbit You hear the slow rusting of a distant drain.
The orc closely misses you. Prince Ribbit hits you.
The orc hits you but does no damage.
There is a stone staircase leading up, spattered with blood here.
You closely miss Prince Ribbit. Prince Ribbit hits you! x2
The orc hits you with a +0 flail!
You closely miss Prince Ribbit. You headbutt Prince Ribbit!
Prince Ribbit is moderately wounded.
Prince Ribbit blinks!
The orc hits you with a +0 flail. The adder bites you but does no damage.
The orc hits you with a +0 flail. The ogre closely misses you.
You climb upwards.
There is a stone staircase leading down, spattered with blood here.
You hit the ogre.
The ogre is lightly wounded.
The adder bites you but does no damage. The orc hits you with a +0 flail.
You hit the ogre. You headbutt the ogre.
The ogre is heavily wounded.
The adder closely misses you. The ogre hits you with a +0 giant club!
* * * LOW HITPOINT WARNING * * *
The orc hits you but does no damage. The adder bites you.
* * * LOW HITPOINT WARNING * * *
A red film seems to cover your vision as you go berserk!
You feel yourself moving faster!
You feel mighty! The orc completely misses you.
The adder bites you but does no damage.
The ogre hits you with a +0 giant club!!
You die...
Your body rises from the dead as a mindless zombie.

############## #............#####
#.##########...... ##.#######
#.##### #...Z....# #.#
#..###...####.#####
#..#.......##.##...
#..........##.##.#. ########
#O@............)... ##......#
#o.S##...####.##.#. #...≈.≈.#
#...##...# #.##<@. #.#≈.≈.≈#
#...###.#####.####.
#.##...########.............# #.
#.##.≈.#..........###.#####.####.
...#...#######.....##............
.###.≈.#######.....######.#.#####
...#...#...).......#### #.#.#


You could see an ogre, an adder and an orc.

Vanquished Creatures
  Eustachio (D:5)
  Edmund (D:5)
  An ogre (D:5)
  3 scorpions
  3 hounds
  A jelly (D:4)
  2 orc priests
  Jessica (D:3)
  Ijyb (D:3)
  An iguana (D:5)
  4 gnolls (D:5)
  7 adders
  A white imp (D:5)
  A dart slug (D:5)
  9 orcs
  5 bats
  8 endoplasms
  4 giant cockroaches
  4 goblins
  5 hobgoblins
  4 jackals (D:1)
  2 kobolds
  2 quokkas
  2 ball pythons
  A frilled lizard (D:1)
  3 rats
77 creatures vanquished.

Vanquished Creatures (collateral kills)
  A goblin (D:3)
  A hobgoblin (D:2)
  A rat (D:2)
3 creatures vanquished.

Vanquished Creatures (others)
  A hound zombie (D:6)
  An iguana zombie (D:5)
  A bat zombie (D:3)
  2 gnoll zombies (D:5)
  4 orc zombies
  A plant (D:3)
10 creatures vanquished.

Grand Total: 90 creatures vanquished

Notes
Turn   | Place    | Note
-------+----------+-------------------------------------------
     0 | D:1      | ASSMAN the Minotaur Gladiator began the quest for the Orb.
     0 | D:1      | Reached XP level 1. HP: 18/18 MP: 0/0
   291 | D:1      | Reached XP level 2. HP: 25/25 MP: 1/1
   646 | D:2      | Reached XP level 3. HP: 25/31 MP: 2/2
   778 | D:2      | Found a faded altar of an unknown god.
   788 | D:2      | Prayed at the altar of an unknown god.
   788 | D:2      | Became a worshipper of Yredelemnul the Dark
   788 | D:2      | Reached * piety under Yredelemnul
   948 | D:2      | Found Sikypny's Jewellery Shoppe.
   977 | D:2      | Identified the +3 ring mail "Kaplurghe" {*Slow rF+ rN+
                  | Str+4}
  1153 | D:3      | Noticed Jessica
  1174 | D:3      | Killed Jessica
  1175 | D:3      | Reached XP level 4. HP: 22/38 MP: 3/3
  1272 | D:3      | Found a shimmering blue altar of Sif Muna.
  1671 | D:3      | Noticed Ijyb
  1679 | D:3      | Killed Ijyb
  1680 | D:3      | Reached skill level 3 in Throwing
  1974 | D:4      | Noticed a small abomination
  1974 | D:4      | Noticed a scorpion
  1989 | D:4      | Killed a scorpion
  1990 | D:4      | Reached XP level 5. HP: 16/46 MP: 4/4
  2188 | D:4      | Noticed a small abomination
  2197 | D:4      | Found a transporter.
  2209 | D:4      | Found a transporter.
  2209 | D:4      | Noticed an ancient zyme
  2255 | D:4      | Reached skill level 5 in Long Blades
  2393 | D:4      | Reached XP level 6. HP: 50/53 MP: 5/5
  2422 | D:4      | Reached ** piety under Yredelemnul
  2725 | D:4      | Found a staircase to the Ecumenical Temple.
  2857 | D:4      | Noticed relicbr's ghost (amateur OgHW)
  2925 | D:5      | Entered Level 5 of the Dungeon
  3047 | D:5      | Reached skill level 5 in Dodging
  3102 | D:5      | Noticed Edmund
  3249 | D:4      | Identified a scroll of acquirement
  3249 | D:4      | Acquired a manual of Throwing
  3269 | D:5      | Reached skill level 5 in Throwing
  3302 | D:5      | Reached XP level 7. HP: 60/60 MP: 6/6
  3334 | D:5      | Reached skill level 6 in Throwing
  3350 | D:5      | Killed Edmund
  3351 | D:5      | Reached skill level 7 in Throwing
  3517 | D:5      | Found an iron altar of Okawaru.
  3723 | D:5      | Found a sacrificial altar of Ru.
  3977 | D:6      | Noticed Eustachio
  3978 | D:6      | Reached skill level 8 in Throwing
  3984 | D:6      | Noticed Prince Ribbit
  4000 | D:5      | Killed Eustachio
  4001 | D:5      | Reached skill level 9 in Throwing
  4146 | D:5      | Mangled by an ogre

Illustrated notes

Levels and vault maps discovered:
D:1:      psy_arrival_fountain, layout_basic
D:2:      layout_basic, shapermc_ecumenical_altar_starsandcircs, serial_shops,
          shop, minmay_strange_pillars
D:3:      layout_basic, led_sif_pool, serial_bayou_pond_e, kennysheep_path_1,
          kennysheep_cluttered_room, uniq_ijyb, uniq_jessica
D:4:      layout_loops_ring, minmay_temple_entry_drinking_statues,
          gammafunk_ghost_abyssal_escape, minmay_crystal_water
D:5:      layout_loops_ring, okawaru_trees_2, nicolae_ru_path_of_blood,
          uniq_edmund
D:6:      layout_rooms, fedhas_altar_fruit_tree,
          nicolae_gozag_cash_rules_everything_around_me,
          cheibrodos_sewer_entry_sluice, uniq_eustachio, uniq_prince_ribbit1

Skill      XL: |  1  2  3  4  5  6  7 |
---------------+----------------------+-----
Fighting       | 3 4 |  4.7
Long Blades    | 4 5 |  5.4
Dodging        | 4 5 |  5.0
Throwing       | 3 5 9 |  9.3

Action                     |  1- 3 |  4- 6 |  7- 9 || total
---------------------------+-------+-------+-------++-------
  Melee: Long sword        |    68 |   104 |    77 ||   249
         Headbutt          |     7 |    15 |    14 ||    36
         Punch             |       |     2 |     4 ||     6
  Throw: Throwing net      |       |     1 |     3 ||     4
         Javelin           |       |     1 |     1 ||     2
    Use: Potion            |       |     1 |     1 ||     2
         Scroll            |       |    10 |       ||    10
   Stab: Held in net/web   |       |       |     1 ||     1
 Armour: Leather armour    |    12 |       |       ||    12
         Scale mail        |    20 |       |       ||    20
         Ring mail         |     9 |     8 |       ||    17
         Chain mail        |       |    49 |    54 ||   103
         Skin              |       |     2 |       ||     2
  Dodge: Dodged            |    48 |    53 |    39 ||   140

Table legend: (Time is in decaauts)
 A = Elapsed time spent in this place.
 B = Non-inter-level travel time spent in this place.
 C = Inter-level travel time spent in this place.
 D = Time resting spent in this place.
 E = Time spent auto-exploring this place.
 F = Levels seen in this place.
 G = Mean time per level.
                   A        B        C        D        E       F      G
               +--------+--------+--------+--------+--------+-----+--------+
         Total |   4190 |   4024 |    166 |    546 |   2826 |   6 |  698.3 |
       Dungeon |   4190 |   4024 |    166 |    546 |   2826 |   6 |  698.3 |
               +--------+--------+--------+--------+--------+-----+--------+

Top non-repeatable levels by time:
     D:4: 1088 daAuts
     D:5: 1078 daAuts
     D:3: 833 daAuts
     D:2: 623 daAuts
     D:1: 539 daAuts
     D:6: 27 daAuts
